 Dungeon Crawl Stone Soup version 0.24.0-37-gcf1ca852f1 (webtiles) character file.

Game seed: 6779013691371013765, levelgen mode: deterministic

186439 grindst0ne the Peltast (level 17, -12/137 HPs)
             Began as a Vampire Gladiator on Nov 21, 2019.
             Was an Initiate of Gozag.
             Hit by a silver javelin thrown by a merfolk javelineer (16 damage)
             ... on level 4 of the Shoals.
             The game lasted 01:42:26 (37344 turns).

grindst0ne the Peltast (Vampire Gladiator)         Turns: 37344, Time: 01:42:26

Health: -12/137    AC: 28    Str: 25    XL:     17   Next: 84%
Magic:  21/21      EV: 24    Int: 12    God:    Gozag
Gold:   273        SH: 16    Dex: 29    Spells: 16/16 levels left

rFire    . . .     SeeInvis +   N - +4 scimitar (flame)
rCold    . . .     Gourm    +   A - +0 shield
rNeg     + + +     Faith    .   F - +5 plate armour of Ryach {rF+}
rPois    .         Spirit   .   t - +2 helmet {SInv}
rElec    +         Reflect  .   x - +1 cloak
rCorr    .         Harm     .   V - +0 pair of gloves (curse)
MR       ++...                  (no boots)
Stlth    ..........             o - amulet "Seubb" {Gourm *Slow rElec rN+ Str+2}
HPRegen  0.52/turn              a - ring "Qishacoa" {rF- rN+++ MR+ Dex+3 Slay+6}
MPRegen  0.17/turn              U - +5 ring of dexterity

@: mighty, agile, berserk cooldown, very slightly contaminated, regenerating
quickly, hasted and slowed, very slow
A: no food, fangs 3, see invisible, unbreathing
a: Exsanguinate, Potion Petition, Call Merchant, Bribe Branch, Renounce Religion


You were on level 4 of the Shoals.
You worshipped Gozag.
Gozag was aware of your devotion.
You were alive.

You visited 5 branches of the dungeon, and saw 31 of its levels.
You visited the Abyss 1 time.

You collected 10365 gold pieces.
You spent 3270 gold pieces at shops.
You paid 6822 gold pieces to Gozag.

Inventory:

Hand Weapons
 C - a +4 vampiric long sword
 N - a +4 scimitar of flaming (weapon)
Missiles
 c - 4 silver javelins
 v - 13 silver boomerangs
 K - 4 throwing nets (quivered)
Armour
 t - a +2 helmet of see invisible (worn)
 x - a +1 cloak (worn)
 A - a +0 shield (worn)
 F - the +5 plate armour of Ryach (worn) {rF+}
   (You found it on level 3 of the Lair of Beasts)

   It protects you from fire.
 I - the +6 scale mail of Masochism {rElec rC- Str-4 Slay+4}
   (You found it on level 1 of the Lair of Beasts)

   It affects your strength (-4).
   It affects your accuracy and damage with ranged weapons and melee attacks
   (+4).
   It makes you vulnerable to cold.
   It insulates you from electricity.
 J - a +0 shield of reflection
 V - a cursed +0 pair of gloves (worn)
 Y - a +0 large shield
Jewellery
 a - the ring "Qishacoa" (left hand) {rF- rN+++ MR+ Dex+3 Slay+6}
   (You bought it in a shop on level 2 of the Orcish Mines)

   [ring of slaying]

   It affects your dexterity (+3).
   It affects your accuracy and damage with ranged weapons and melee attacks
   (+6).
   It makes you vulnerable to fire.
   It renders you almost immune to negative energy.
   It affects your resistance to hostile enchantments.
 f - an uncursed ring of flight
 g - an uncursed ring of protection from cold
 o - the amulet "Seubb" (around neck) {Gourm *Slow rElec rN+ Str+2}
   (You found it on level 12 of the Dungeon)

   [amulet of the gourmand]

   It allows you to eat raw meat even when not hungry.
   It affects your strength (+2).
   It insulates you from electricity.
   It protects you from negative energy.
   It may slow you when you take damage.
 H - a +2 amulet of reflection
 M - an uncursed ring of resist corrosion
 U - a +5 ring of dexterity (right hand)
 W - the amulet "Hebu" {Acrobat rPois rF- Dex+7}
   (You bought it in a shop on level 2 of the Orcish Mines)

   [amulet of the acrobat]

   It helps you evade while moving and waiting.
   It affects your dexterity (+7).
   It makes you vulnerable to fire.
   It protects you from poison.
Wands
 d - a wand of paralysis (5)
 w - a wand of polymorph (1)
 O - a wand of flame (17)
 P - a wand of digging (2)
Scrolls
 b - 3 scrolls of identify
 e - 8 scrolls of teleportation
 i - 6 scrolls of amnesia
 m - 4 scrolls of enchant armour
 s - 15 scrolls of remove curse
 z - 2 scrolls of magic mapping
 Q - 4 scrolls of enchant weapon
Potions
 h - 2 potions of magic
 k - 3 potions of mutation
 l - 6 potions of lignification
 n - a potion of might
 p - 4 potions of flight
 q - a potion of cancellation
 B - a potion of haste
 D - a potion of berserk rage
 E - 3 potions of agility
 G - 3 potions of brilliance
 R - 2 potions of resistance
 S - 2 potions of ambrosia
Miscellaneous
 r - a lightning rod (3/4)
 L - a fan of gales (inert)


   Skills:
 + Level 13.5 Fighting
 + Level 14.7 Long Blades
 - Level 1.5 Throwing
 - Level 12.1 Armour
 + Level 13.3 Dodging
 - Level 15.0 Shields
 - Level 6.0 Evocations


You had 16 spell levels left.
You didn't know any spells.
Your spell library contained the following spells:

 Spells                   Type           Power        Failure   Level  Hunger
 Animate Skeleton         Necr           N/A          96%         1    N/A
 Confusing Touch          Hex            #.....       96%         1    N/A
 Corona                   Hex            #......      96%         1    N/A
 Infusion                 Chrm           #...         96%         1    N/A
 Pain                     Necr           #...         96%         1    N/A
 Shock                    Conj/Air       #...         96%         1    N/A
 Summon Butterflies       Summ           #.......     96%         1    N/A
 Summon Small Mammal      Summ           #...         96%         1    N/A
 Call Imp                 Summ           #.......     99%         2    N/A
 Ensorcelled Hibernation  Hex/Ice        #.....       99%         2    N/A
 Shroud of Golubria       Chrm/Tloc      #.....       99%         2    N/A
 Slow                     Hex            #.......     99%         2    N/A
 Song of Slaying          Chrm           #.......     99%         2    N/A
 Swiftness                Chrm/Air       #.......     99%         2    N/A
 Call Canine Familiar     Summ           #.......     100%        3    N/A
 Confuse                  Hex            #.......     100%        3    N/A
 Gell's Gravitas          Tloc           #.........   100%        3    N/A
 Inner Flame              Hex/Fire       #.......     100%        3    N/A
 Portal Projectile        Hex/Tloc       #.....       100%        3    N/A
 Regeneration             Chrm/Necr      #.........   100%        3    N/A
 Spectral Weapon          Hex/Chrm       #.......     100%        3    N/A
 Static Discharge         Conj/Air       #.......     100%        3    N/A
 Summon Guardian Golem    Hex/Summ       #.......     100%        3    N/A
 Vampiric Draining        Necr           #.........   100%        3    N/A
 Airstrike                Air            #.........   100%        4    N/A
 Animate Dead             Necr           N/A          100%        4    N/A
 Cause Fear               Hex            #.........   100%        4    N/A
 Ice Form                 Ice/Tmut       #.......     100%        4    N/A
 Leda's Liquefaction      Hex/Erth       #.........   100%        4    N/A
 Petrify                  Tmut/Erth      #.......     100%        4    N/A
 Summon Ice Beast         Ice/Summ       #.......     100%        4    N/A
 Summon Lightning Spire   Summ/Air       #.......     100%        4    N/A
 Borgnjor's Vile Clutch   Necr/Erth      #.........   100%        5    N/A
 Lightning Bolt           Conj/Air       #.........   100%        5    N/A
 Metabolic Englaciation   Hex/Ice        #.........   100%        5    N/A
 Silence                  Hex/Air        #.........   100%        5    N/A
 Summon Mana Viper        Hex/Summ       #.......     100%        5    N/A
 Yara's Violent Unravell  Hex/Tmut       #.........   100%        5    N/A
 Bolt of Cold             Conj/Ice       #.........   100%        6    N/A
 Conjure Ball Lightning   Conj/Air       #.........   100%        6    N/A
 Darkness                 Hex            #.........   100%        6    N/A
 Deflect Missiles         Chrm/Air       #.........   100%        6    N/A
 Freezing Cloud           Conj/Ice/Air   #.........   100%        6    N/A
 Ozocubu's Refrigeration  Ice            #.........   100%        6    N/A
 Shadow Creatures         Summ           N/A          100%        6    N/A
 Simulacrum               Ice/Necr       #.........   100%        6    N/A
 Summon Hydra             Summ           #.........   100%        7    N/A
 Ignition                 Fire           #.........   100%        8    N/A
 Shatter                  Erth           #.........   100%        9    N/A
 Tornado                  Air            #.........   100%        9    N/A

Dungeon Overview and Level Annotations

Branches:
Dungeon (15/15)            Temple (0/1) D:5            Lair (6/6) D:11
 Shoals (4/4) Lair:3        Snake (4/4) Lair:4        Slime (0/5) Lair:6
    Orc (2/2) D:11            Elf (0/3) Orc:2        Vaults (0/5) D:13
 Depths (0/5) D:15

Altars:
Cheibriados
Dithmenos
Elyvilon
Fedhas
Gozag
Hepliaklqana
Makhleb
Nemelex Xobeh
Okawaru
Qazlal
Ru
Sif Muna
Trog
Uskayaw
Vehumet
Wu Jian
Zin

Shops:
D:12 :   Orc:2 !!%[?(=

Annotations:
D:10 exclusion: 2 downstairs
Lair:6 exclusion: oklob plant
Shoals:3 exclusion: 2 downstairs
Shoals:4 Polyphemus
Snake:2 2 runed translucent doors, vinnietd's ghost, adept HaFi
Snake:3 exclusion: downstairs
Snake:4 Mara


Innate Abilities, Weirdness & Mutations

You do not eat.
Your natural rate of healing is unusually fast.
You have razor-sharp teeth.
You have supernaturally acute eyesight. (SInv)
You can survive without breathing.


Message History

Moving in this stuff is going to be slow.
You feel your anger nearly subside.
You are no longer berserk.
You are exhausted.
You feel as though you will be slow longer.
The merfolk throws a boomerang.
You block the boomerang.
The weapon returns to the merfolk!
The merfolk throws a boomerang.
The boomerang misses you.
The weapon returns to the merfolk!
Okay, then.
You feel yourself speed up.
The merfolk javelineer throws a silver javelin.
The silver javelin pierces through you but does no damage.
* * * LOW HITPOINT WARNING * * *
You hear a splash.
The merfolk throws a boomerang.
The boomerang hits you but does no damage.
The weapon returns to the merfolk!
The merfolk javelineer throws a silver javelin.
The silver javelin pierces through you!
You die...
Your body crumbles into a pile of gold.

.P≈≈≈φ≈≈≈P. ≈
PP≈≈≈≈≈≈≈.P.....≈≈≈≈≈≈≈≈
PP.....≈P......≈≈≈≈≈≈≈≈≈≈≈
..##...PP......≈≈≈≈≈≈≈≈≈≈≈≈
.≈##.##.......≈≈≈≈≈≈≈≈≈≈≈≈≈
≈≈≈≈.###......≈≈≈≈≈≈≈≈≈≈≈≈≈
≈≈≈≈.......≈....≈≈≈≈≈≈≈≈≈≈≈
≈≈≈≈.......≈......≈≈≈≈≈≈≈≈.
≈≈≈≈.%.....≈...≈@..≈≈≈≈≈≈≈.
≈≈≈≈...............≈≈≈≈≈≈≈....
≈≈≈≈..............≈(≈≈≈≈≈≈...##.#
...≈........#....≈≈.≈≈m≈...P..P.P
...≈≈...≈...##(.....≈≈≈....P#...P
........≈((...[.≈≈≈≈≈≈.m....#....
.....###≈.......≈≈≈≈(≈.m.....m...
###Y.###≈≈##....≈≈..(≈....P#...).
###.Y...≈.........≈≈≈≈.....#.....


You could see a merfolk javelineer and 2 merfolk.

Vanquished Creatures
  A kraken (Shoals:3)
  Donald (Shoals:3)
  5 nagarajas
  A stone giant (D:15)
  A quicksilver dragon zombie (D:15)
  4 merfolk javelineers
  Josephine (D:13)
  6 merfolk impalers
  3 hydras
  Harold (D:8)
  An alligator snapping turtle (Shoals:4)
  A catoblepas (Lair:6)
  4 two-headed ogres
  10 anacondas
  Erica (Lair:1)
  3 merfolk avatars
  3 satyrs
  13 naga warriors
  2 death knights
  11 merfolk aquamancers
  4 death yaks
  A deep troll shaman (Lair:6)
  A vampire mage (D:15)
  A deep troll earth mage (D:15)
  A titan zombie (Abyss:1)
  4 naga sharpshooters
  A thrashing horror (Abyss:1)
  5 orc high priests
  5 shock serpents
  A sun demon (Abyss:2)
  A fire crab (shapeshifter) (D:14)
  Sonja (D:13)
  21 sea snakes
  A salamander mystic (Snake:4)
  2 skeletal warriors (D:15)
  4 naga ritualists
  2 unseen horrors (D:15)
  A lindwurm (Lair:6)
  16 harpies
  A necromancer (D:15)
  13 manticores
  A deep elf mage (D:15)
  8 fauns
  A fire giant zombie (D:15)
  10 ugly things
  4 orc sorcerers
  8 cyclopes
  5 mana vipers
  11 salamanders
  4 elephants (Lair:6)
  5 guardian serpents
  8 merfolk sirens
  11 water nymphs
  31 black mambas
  23 naga magi
  2 gargoyles (D:11)
  9 spiny frogs
  7 rime drakes
  10 komodo dragons
  A freezing wraith (D:14)
  A hellwing (D:13)
  10 trolls
  2 wind drakes (Shoals:2)
  A hornet (D:8)
  3 polar bears (Lair:6)
  A wolf spider simulacrum (D:14)
  3 blink frogs (Lair:1)
  32 merfolk
  Prince Ribbit (Lair:1)
  6 dream sheep
  An ettin zombie (D:15)
  A spriggan zombie (D:15)
  9 snapping turtles
  8 hippogriffs
  A spriggan (D:7)
  12 water elementals
  2 vampires
  A centaur simulacrum (D:15)
  6 wraiths
  40 yaks
  2 shadows
  2 wyverns
  6 basilisks
  A neqoxec (Abyss:1)
  Eustachio (D:4)
  2 hungry ghosts
  A redback simulacrum (D:15)
  2 wargs (Orc:2)
  37 nagas
  8 water moccasins
  An acid dragon (D:15)
  A soldier ant (D:14)
  10 porcupines
  3 black bears
  4 ice beasts
  20 orc warriors
  2 sky beasts
  2 phantoms
  7 ogres
  3 eyes of draining
  2 necrophages
  7 centaurs
  6 wolves (Lair:6)
  11 crocodiles
  2 big kobolds
  2 small abominations
  14 bullfrogs
  3 scorpions
  7 wights
  5 howler monkeys
  4 centaur zombies
  4 crimson imps
  A bullfrog zombie (D:5)
  A quasit (D:6)
  3 jellies
  7 hounds
  25 orc priests
  Crazy Yiuf (D:3)
  A bullfrog skeleton (D:3)
  Jessica (D:7)
  24 orc wizards
  Natasha (D:3)
  6 iguanas
  7 worker ants
  3 hound zombies
  A worker ant zombie (D:11)
  13 adders
  A gnoll (D:8)
  A howler monkey skeleton (D:6)
  7 shadow imps
  An ooze (D:3)
  2 adder skeletons
  A worm (D:2)
  2 dart slugs
  6 leopard geckos
  68 orcs
  A ball python (D:6)
  2 bats
  4 giant cockroaches
  7 goblins
  4 hobgoblins
  17 jackals
  4 quokkas
  5 frilled lizards
  2 jackal skeletons
  22 kobolds
  A leopard gecko skeleton (D:4)
  A quokka skeleton (D:5)
  9 rats
  5 tentacles (Shoals:3)
910 creatures vanquished.

Vanquished Creatures (others)
  A cyclops (Shoals:4)
  A black mamba (Snake:3)
  A merfolk (Shoals:4)
  A bullfrog (D:15)
  A bush (Lair:6)
  104 plants
  23 tentacles
132 creatures vanquished.

Grand Total: 1042 creatures vanquished

Notes
Turn   | Place    | Note
-------+----------+-------------------------------------------
     0 | D:1      | grindst0ne the Vampire Gladiator began the quest for the
                  | Orb.
     0 | D:1      | Reached XP level 1. HP: 16/16 MP: 1/1
    19 | D:1      | Reached XP level 2. HP: 14/22 MP: 2/2
   403 | D:1      | Reached XP level 3. HP: 28/28 MP: 3/3
   959 | D:2      | Noticed a centaur
   967 | D:2      | Killed a centaur
   967 | D:2      | Reached XP level 4. HP: 9/35 MP: 4/4
  1151 | D:2      | Reached XP level 5. HP: 41/41 MP: 5/5
  1292 | D:2      | Found a shimmering blue altar of Sif Muna.
  1503 | D:2      | Found a burning altar of Makhleb.
  1790 | D:3      | Reached skill level 5 in Dodging
  1790 | D:3      | Reached XP level 6. HP: 42/48 MP: 6/6
  1845 | D:3      | Found a radiant altar of Vehumet.
  1845 | D:3      | Found a sacrificial altar of Ru.
  1850 | D:3      | Found an opulent altar of Gozag.
  1857 | D:3      | Found a blossoming altar of Fedhas.
  1858 | D:3      | Found a bloodstained altar of Trog.
  1862 | D:3      | Became a worshipper of Gozag Ym Sagoz the Greedy
  1914 | D:3      | Found a snail-covered altar of Cheibriados.
  2146 | D:3      | Found a runed translucent door.
  2345 | D:3      | Noticed Natasha
  2356 | D:3      | Killed Natasha
  2469 | D:3      | Noticed Crazy Yiuf
  2482 | D:3      | Killed Crazy Yiuf
  3002 | D:4      | Noticed Eustachio
  3104 | D:4      | Killed Eustachio
  3104 | D:4      | Reached skill level 5 in Long Blades
  3104 | D:4      | Reached XP level 7. HP: 46/54 MP: 7/7
  3648 | D:5      | Entered Level 5 of the Dungeon
  4014 | D:5      | Reached skill level 1 in Shields
  4119 | D:5      | Found a staircase to the Ecumenical Temple.
  4292 | D:5      | Found an ornate altar of the Wu Jian Council.
  4884 | D:5      | Reached skill level 1 in Armour
  4884 | D:5      | Reached skill level 2 in Shields
  4884 | D:5      | Reached XP level 8. HP: 61/61 MP: 8/8
  4901 | D:6      | Reached skill level 5 in Fighting
  5029 | D:6      | Reached skill level 3 in Shields
  5286 | D:6      | Found a shadowy altar of Dithmenos.
  5286 | D:6      | Found a sparkling altar of Nemelex Xobeh.
  5580 | D:6      | Reached skill level 4 in Shields
  5799 | D:7      | Reached XP level 9. HP: 58/68 MP: 9/9
  5877 | D:7      | Found a white marble altar of Elyvilon.
  5919 | D:7      | HP: 3/68 [spriggan baker/+0 dagger (12)]
  6230 | D:7      | Reached skill level 5 in Shields
  6444 | D:7      | Found a glowing silver altar of Zin.
  6561 | D:7      | Noticed Jessica
  6595 | D:7      | Killed Jessica
  6606 | D:7      | Found a shimmering blue altar of Sif Muna.
  7111 | D:8      | Reached skill level 5 in Armour
  7162 | D:8      | Got a crude leather armour
  7173 | D:8      | Identified the +2 leather armour "Waorug" {rN+ Regen+ Str+3
                  | Stlth+} (You found it on level 8 of the Dungeon)
  7221 | D:8      | Found an iron altar of Okawaru.
  7236 | D:8      | Reached skill level 6 in Shields
  7361 | D:8      | Noticed Harold
  7566 | D:8      | Killed Harold
  7566 | D:8      | Reached XP level 10. HP: 21/77 MP: 10/10
  8049 | D:9      | Noticed a two-headed ogre
  8069 | D:9      | Killed a two-headed ogre
  8069 | D:9      | Reached skill level 7 in Shields
  8324 | D:9      | Found a stormy altar of Qazlal.
  8569 | D:10     | Entered Level 10 of the Dungeon
  9869 | D:11     | Noticed a two-headed ogre
  9887 | D:11     | Killed a two-headed ogre
  9887 | D:11     | Reached skill level 1 in Evocations
  9887 | D:11     | Reached XP level 11. HP: 42/84 MP: 10/12
 10041 | D:11     | Reached skill level 8 in Shields
 10443 | D:11     | Found a staircase to the Lair.
 10500 | D:11     | Found a staircase to the Orcish Mines.
 11083 | Lair:1   | Entered Level 1 of the Lair of Beasts
 11231 | Lair:1   | Got a transparent scale mail
 11242 | Lair:1   | Identified the +6 scale mail of Masochism {rElec rC- Str-4
                  | Slay+4} (You found it on level 1 of the Lair of Beasts)
 11603 | Lair:1   | Noticed Erica
 11612 | Lair:1   | Killed Erica
 11788 | Lair:1   | Noticed Prince Ribbit
 11803 | Lair:1   | Killed Prince Ribbit
 11803 | Lair:1   | Reached skill level 9 in Shields
 12195 | Lair:2   | Reached XP level 12. HP: 92/92 MP: 15/15
 12428 | Lair:2   | Reached skill level 5 in Evocations
 12536 | Lair:2   | Noticed a seven-headed hydra
 12571 | Lair:2   | Killed a one-headed hydra
 12936 | Lair:3   | Got a jet-encrusted plate armour
 12947 | Lair:3   | Identified the +5 plate armour of Ryach {rF+} (You found it
                  | on level 3 of the Lair of Beasts)
 13163 | Lair:3   | Found a staircase to the Shoals.
 13878 | Lair:4   | Found a staircase to the Snake Pit.
 14060 | Lair:4   | Reached skill level 10 in Shields
 15344 | Lair:6   | Entered Level 6 of the Lair of Beasts
 15345 | Lair:6   | Noticed a seven-headed hydra
 15360 | Lair:6   | Noticed a five-headed hydra
 15375 | Lair:6   | Killed a one-headed hydra
 15379 | Lair:6   | Killed a four-headed hydra
 15389 | Lair:6   | Reached XP level 13. HP: 79/99 MP: 17/17
 15411 | Lair:6   | Found a gate leading to a gauntlet.
 15742 | Lair:6   | Reached skill level 10 in Long Blades
 16280 | Lair:6   | Reached skill level 10 in Armour
 16303 | Lair:6   | Reached skill level 11 in Shields
 17328 | D:12     | Got a scintillating bone amulet
 17347 | D:12     | Identified the amulet "Seubb" {Gourm *Slow rElec rN+ Str+2}
                  | (You found it on level 12 of the Dungeon)
 17365 | D:12     | Found Alonighasipt's Book Shop.
 17805 | D:13     | Noticed Josephine
 17824 | D:13     | Killed Josephine
 17902 | D:13     | Found a gate to the Vaults.
 17933 | D:13     | Found a hide-covered altar of Uskayaw.
 18084 | D:13     | Noticed Sonja
 18087 | D:13     | Cast into level 1 of the Abyss (Sonja)
 18289 | Abyss:2  | Noticed a balrug
 18296 | Abyss:2  | Noticed a starcursed mass
 18305 | Abyss:2  | Reached XP level 14. HP: 52/108 MP: 18/18
 18394 | Abyss:2  | Noticed a starcursed mass
 18448 | Abyss:2  | Noticed a shadow dragon
 18463 | D:13     | Escaped the Abyss
 19628 | D:14     | Reached skill level 12 in Shields
 19739 | D:15     | Entered Level 15 of the Dungeon
 20309 | D:15     | Found a staircase to the Depths.
 20526 | D:15     | Reached skill level 10 in Fighting
 20931 | D:15     | Noticed a stone giant
 21545 | D:15     | Killed a stone giant
 22049 | D:13     | Killed Sonja
 22163 | Orc:1    | Entered Level 1 of the Orcish Mines
 22618 | Orc:2    | Entered Level 2 of the Orcish Mines
 22684 | Orc:2    | Found a staircase to the Elven Halls.
 23470 | Orc:2    | Found Gulorch's Antique Armour Shoppe.
 23482 | Orc:2    | Found Wudiby's Distillery.
 23482 | Orc:2    | Found Yleosetsai's Food Shoppe.
 23485 | Orc:2    | Found Teolue's Distillery.
 24302 | Orc:2    | Bought a scroll of blinking for 105 gold pieces
 24302 | Orc:2    | Bought a scroll of identify for 28 gold pieces
 24310 | Orc:2    | Bought the ring "Qishacoa" {rF- rN+++ MR+ Dex+3 Slay+6} for
                  | 2404 gold pieces
 24495 | Snake:1  | Entered Level 1 of the Snake Pit
 24531 | Snake:1  | Reached XP level 15. HP: 85/116 MP: 14/19
 24659 | Snake:1  | Reached skill level 13 in Shields
 26367 | Orc:2    | Bought the amulet "Hebu" {Acrobat rPois rF- Dex+7} for 733
                  | gold pieces
 27288 | Snake:2  | Found a large runed translucent door.
 27288 | Snake:2  | Found a large runed translucent door.
 27289 | Snake:2  | Noticed vinnietd's ghost (adept HaFi)
 27718 | Snake:3  | Noticed a nagaraja
 27738 | Snake:3  | Killed a nagaraja
 27772 | Snake:3  | Found a hazy altar of Hepliaklqana.
 28166 | Snake:3  | Noticed a nagaraja
 28177 | Snake:3  | Killed a nagaraja
 28366 | Snake:3  | Reached skill level 14 in Shields
 29028 | Snake:3  | Reached XP level 16. HP: 87/125 MP: 20/20
 29354 | Snake:3  | Reached skill level 10 in Dodging
 29945 | Snake:4  | Entered Level 4 of the Snake Pit
 29955 | Snake:4  | Noticed Mara
 31056 | Snake:4  | Noticed grindst0ne's illusion
 31558 | Snake:4  | Noticed grindst0ne's illusion
 31855 | Shoals:1 | Entered Level 1 of the Shoals
 32001 | Shoals:1 | Reached skill level 15 in Shields
 32592 | Shoals:1 | You fall into a shaft and drop 1 floor!
 33970 | Shoals:2 | Reached XP level 17. HP: 128/134 MP: 21/21
 34003 | Shoals:2 | Noticed a kraken
 35546 | Shoals:3 | Noticed a kraken
 35714 | Shoals:3 | Killed a kraken
 35983 | Shoals:4 | Entered Level 4 of the Shoals
 35983 | Shoals:4 | Noticed Polyphemus
 37026 | Shoals:4 | Noticed Donald
 37210 | Shoals:3 | Killed Donald
 37340 | Shoals:4 | HP: 5/205 [merfolk javelineer/silver javelin (8)]
 37344 | Shoals:4 | Hit by a silver javelin thrown by a merfolk javelineer

Levels and vault maps discovered:
D:1:      minmay_arrival_glassed_features, layout_basic, feat_on_display
D:2:      minmay_skewed_foursquare, layout_loops_cross,
          overflow_temple_1_default, first_ration, makhleb_altar_promises_db
D:3:      layout_rooms, lemuel_coloured_pillars_altar,
          chequers_temple_overflow_minitemple, uniq_natasha,
          uniq_crazy_yiuf_cottage
D:4:      layout_basic, wad_floor_pattern_untrapped, kennysheep_generic_room_5,
          uniq_eustachio
D:5:      layout_basic, kennysheep_mini, minmay_temple_entry_statues_pillars,
          kennysheep_generic_room_12
D:6:      layout_rooms, gammafunk_temple_overflow_wave, serial_curves,
          eino_curves_03, eino_curves_01
D:7:      layout_loops_cross, kennysheep_mini_moat, zin_academy, the_bakery,
          tgw_sif
D:8:      layout_loops_ring, okawaru_altar_gauntlet_db, uniq_harold
D:9:      layout_roguey, nicolae_qazlal_style_of_elements
D:10:     layout_stronghold, minmay_misc_feat_tiny, solitary_fountain
D:11:     layout_basic, david_lair_shrubbed, hiddenorc1_lemuel, st_stairs_14
D:12:     layout_gridville, serial_shops, nicolae_shop_behind_doors,
          minmay_misc_feat_x
D:13:     minmay_sliced_demisemicircle, layout_loops_ring, david_vaults_1,
          basic_altar, uniq_nessos, uniq_sonja, uniq_josephine
D:14:     layout_long_grid, chequers_garden
D:15:     gammafunk_depths_entry_grave, layout_loops_cross, wad_scary_box
Lair:1:   layout_long_grid, uniq_prince_ribbit2, uniq_erica
Lair:2:   layout_cave_shapes
Lair:3:   layout_gridlike, elwin_shoals_entry_rocks
Lair:4:   layout_roguey, minmay_snake_entry_spellcaster, st_stairs_11
Lair:5:   layout_gridlike, serial_bayou_shore_a
Lair:6:   grunt_lair_end_beastmaster, layout_hall_layers,
          minmay_slime_entry_oklob_enclosed, gauntlet_entry_generic,
          grunt_megastairs_5, infiniplex_staircase_pool
Shoals:1: cheibrodos_shoals_three_sisters, layout_shoals
Shoals:2: layout_shoals
Shoals:3: layout_shoals
Shoals:4: shoals_end_grunt_garden, layout_shoals, uniq_donald, uniq_polyphemus,
          uniq_nikola
Snake:1:  layout_basic, st_stairs_1, grunt_ministairs_15
Snake:2:  layout_cave_pods, ebering_ghost_disaster_area
Snake:3:  layout_honeycomb, basic_altar, guppyfry_library_mini
Snake:4:  grunt_snake_rune_pools, layout_onion, minmay_shop_grid_forest,
          serial_bayou_pond_b, nicolae_coiled_stairwell_up, uniq_mara
Orc:1:    layout_diamond_mine
Orc:2:    st_orc_mages, layout_caves

Skill      XL: |  1  2  3  4  5  6  7  8  9 10 11 12 13 14 15 16 17 |
---------------+----------------------------------------------------+-----
Fighting       | 2 3 4 5 6 7 8 9 10 11 12 13 | 13.5
Long Blades    | 4 5 6 7 8 9 10 11 12 13 14 | 14.7
Dodging        | 4 5 6 8 9 11 13 | 13.3
Shields        | 2 4 6 7 9 10 11 12 14 15 | 15.0
Armour         | 1 3 5 6 8 9 10 11 12 | 12.1
Evocations     | 1 4 6 |  6.0
Throwing       | |  1.5

Action                   |  1- 3 |  4- 6 |  7- 9 | 10-12 | 13-15 | 16-18 || total
-------------------------+-------+-------+-------+-------+-------+-------++-------
Melee: Long sword        |    84 |   181 |   340 |       |       |       ||   605
       Bite              |    12 |    27 |    82 |   124 |   280 |   242 ||   767
       Unarmed           |       |     6 |       |       |       |       ||     6
       Falchion          |       |       |   212 |   472 |       |       ||   684
       Scimitar          |       |       |       |   396 |  1467 |  1077 ||  2940
Throw: Throwing net      |       |       |       |     9 |     1 |     1 ||    11
       Javelin           |       |       |       |       |     3 |       ||     3
Invok: Potion Petition   |       |       |     1 |     1 |     2 |     8 ||    12
       Call Merchant     |       |       |       |       |     3 |       ||     3
Evoke: Wand              |       |       |       |     3 |    21 |    39 ||    63
       Fan of gales      |       |       |       |       |     2 |     3 ||     5
       Lightning rod     |       |       |       |       |     8 |    13 ||    21
  Use: Scroll            |       |     5 |     5 |    12 |    18 |    16 ||    56
       Potion            |       |       |     7 |     6 |     9 |     9 ||    31
 Stab: Sleeping          |       |     2 |       |     2 |       |       ||     4
       Distracted        |       |       |     4 |     2 |     6 |     8 ||    20
       Held in net/web   |       |       |       |     2 |       |       ||     2
       Invisible         |       |       |       |       |       |     1 ||     1
       Paralysed         |       |       |       |       |       |     7 ||     7
Armor: Leather armour    |    30 |    37 |     7 |    82 |       |       ||   156
       Scale mail        |       |    51 |    93 |   172 |   357 |    41 ||   714
       Skin              |       |     1 |       |       |       |       ||     1
       Chain mail        |       |       |   145 |       |       |       ||   145
       Plate armour      |       |       |       |       |    70 |   401 ||   471
Dodge: Dodged            |   102 |   161 |   201 |   287 |   521 |   619 ||  1891
Block: Shield            |       |       |   231 |   359 |   783 |   877 ||  2250
       Rpst.: Long sword |    36 |    46 |    40 |       |       |       ||   122
       Falchion          |       |       |    19 |    48 |       |       ||    67
       Scimitar          |       |       |       |    30 |   124 |    86 ||   240
